 Dungeon Crawl Stone Soup version 0.29-a0-323-g050149af67 (webtiles) character file.

Game seed: 17405455916499181504

4142 spaghetti the Carver (level 9, -3/61 HPs)
             Began as a Demigod Brigand on Apr 10, 2022.
             Slain by an orange demon (10 damage)
             ... led by Amaemon
             ... on level 8 of the Dungeon.
             The game lasted 00:15:42 (8479 turns).

spaghetti the Carver (Demigod Brigand)              Turns: 8479, Time: 00:15:42

Health: -3/61      AC:  9    Str: 16    XL:     9   Next: 79%
Magic:  11/11      EV: 12    Int: 13    God:
Gold:   432        SH:  0    Dex: 27    Spells: 8/8 levels left

rFire   + . .      SeeInvis .   a - +4 great sword "Kideag" {flame, rElec rF+ Str+4, long}
rCold   . . .      Faith    .   (shield currently unavailable)
rNeg    . . .      Spirit   .   B - +2 robe {Will+}
rPois   .          Reflect  .   w - +1 helmet
rElec   +          Harm     .   c - +0 cloak
rCorr   .          Rampage  .   (no gloves)
Will    ++...      Clarity  +   (no boots)
Stlth   +++.......              e - amulet of regeneration {@e2}
HPRegen 1.00/turn               p - ring of willpower
MPRegen 0.12/turn               (no ring)

@: mighty, lethally poisoned (-3 -> -33), hasted, very quick
A: high MP 1, forlorn, divine attributes, iridescent scales 1, clarity, frail 1,
MP-powered wands
a: no special abilities


You were on level 8 of the Dungeon.
You visited 1 branch of the dungeon, and saw 8 of its levels.

You collected 432 gold pieces.


Innate Abilities, Weirdness & Mutations

You have an increased reservoir of magic. (+10% MP)
You shall have no god before yourself.
Your divine heritage dramatically boosts your attributes as you level up.
You are partially covered in iridescent scales. (AC +2)
You possess an exceptional clarity of mind.
You are frail. (-10% HP)
You expend magic power (3 MP) to strengthen your wands.


   Skills:
 + Level 2.9 Fighting
 - Level 1.7(6.9) Short Blades
 * Level 10.6(10.7) Long Blades
 - Level 8.0 Throwing
 - Level 0.8 Dodging
 - Level 3.6 Stealth


You had 8 spell levels left.
You didn't know any spells.
Your spell library contained the following spells:

 Spells                   Type           Power      Damage    Failure   Level
 Apportation              Tloc           0%         N/A       30%         1
 Freeze                   Ice            0%         1d3       30%         1
 Pain                     Necr           0%         1d4       30%         1
 Sting                    Tmut/Pois      0%         1d3       30%         1
 Poisonous Vapours        Pois/Air       0%         N/A       43%         2
 Frozen Ramparts          Ice            0%         1d2       67%         3
 Gell's Gravitas          Tloc           0%         N/A       67%         3
 Lesser Beckoning         Tloc           0%         N/A       67%         3
 Teleport Other           Tloc           0%         N/A       67%         3
 Hailstorm                Conj/Ice       0%         3d3       97%         4
 Ice Form                 Ice/Tmut       0%         N/A       97%         4
 Olgreb's Toxic Radiance  Pois           0%         N/A       97%         4
 Summon Ice Beast         Ice/Summ       0%         N/A       97%         4
 Agony                    Necr           0%         N/A       100%        5
 Alistair's Intoxication  Tmut/Pois      0%         N/A       100%        5
 Excruciating Wounds      Necr           0%         N/A       100%        5
 Iskenderun's Battlesphe  Conj           0%         2d6       100%        5
 Iron Shot                Conj/Erth      0%         9d1       100%        6
 Spellforged Servitor     Conj/Summ      0%         N/A       100%        7

Inventory:

Hand Weapons
 a - the +4 great sword "Kideag" (weapon) {flame, rElec rF+ Str+4, long}
   (You found it on level 2 of the Dungeon)

   It burns those it strikes, dealing additional fire damage.
   Big, fiery blades are also staple armaments of hydra-hunters.
   Str:       It affects your strength (+4).
   rF:        It protects you from fire.
   rElec:     It insulates you from electricity.
 b - a +1 dagger of protection {short}
   (You found it on level 1 of the Dungeon)
 f - a +2 dagger {short}
 q - a +2 vampiric dagger {short}
   (You took it off a goblin on level 3 of the Dungeon)
 v - a +2 mace of venom {mace}
   (You took it off Robin on level 3 of the Dungeon)
Missiles
 d - 22 poisoned darts {throwing}
 h - 246 stones (quivered) {throwing}
 o - 8 boomerangs {throwing}
 z - 9 curare-tipped darts {=fthrowing}
 A - 4 javelins {throwing}
 G - 4 silver boomerangs {throwing}
Armour
 c - a +0 cloak (worn)
 w - a +1 helmet (worn)
   (You took it off Robin on level 3 of the Dungeon)
 B - a +2 robe of willpower (worn)
   (You took it off an orc wizard on level 5 of the Dungeon)
 H - a +2 buckler of protection
   (You found it on level 5 of the Dungeon)
Jewellery
 e - an amulet of regeneration (around neck) {@e2}
   (You found it on level 4 of the Dungeon)
 p - a ring of willpower (left hand)
   (You found it on level 2 of the Dungeon)
 C - a ring of protection from cold
   (You found it on level 5 of the Dungeon)
 J - a ring of ice
   (You found it on level 6 of the Dungeon)
 L - a ring of ice
   (You found it on level 6 of the Dungeon)
Wands
 F - a wand of iceblast (13)
   (You found it on level 5 of the Dungeon)
 M - a wand of mindburst (14)
   (You took it off an orc on level 6 of the Dungeon)
Scrolls
 g - 5 scrolls of teleportation {@r4}
 i - 2 scrolls of amnesia
 j - 3 scrolls of blinking {!r}
 s - a scroll of enchant weapon
 t - a scroll of holy word
 y - a scroll of vulnerability {!r!r}
 D - a scroll of fear {unknown}
 K - a scroll of silence {!r}
Potions
 k - 2 potions of brilliance
 l - a potion of attraction {!q}
 m - a potion of haste {@q3}
 n - 2 potions of flight
 r - 3 potions of magic
 x - 3 potions of curing {@q1}
 E - a potion of heal wounds {@q2}

Dungeon Overview and Level Annotations

Branches:
Dungeon (8/15)             Temple (0/1) D:6
   Lair: D:8-11

Shops:
D:1 [   D:7 !*==*

Annotations:
D:3 1 runed translucent door, Crazy Yiuf

4.. ... 6. #.. #.#
#.# ####4### #+#
#§@)§§.########.#
#§##§.........#.###
#.####.######.#....
#.####.# #....##
#......# #.....#
######## #....##
#####.#.)#
#........#
#.###..†.#


You could see an orange demon.


Message History

😕 HP[-15]
You take 15 damage, and now have 46/61 hp.
MASSIVE DAMAGE!! (PAUSE) Unknown command.
You slice Amaemon!! You burn Amaemon.
You feel very sick.
Amaemon hits you with a +2 demon whip of venom.
You are more poisoned.
Amaemon claws you.
Amaemon tail-slaps you but does no damage. 😮 HP[-12]
You take 12 damage, and now have 34/61 hp.
Unknown command.
Unknown command.
Unknown command.
Unknown command.
You closely miss Amaemon.
You feel very sick.
Amaemon hits you with a +2 demon whip of venom.
* * * LOW HITPOINT WARNING * * *
You are more poisoned.
Amaemon claws you!
* * * LOW HITPOINT WARNING * * *
Amaemon tail-slaps you but does no damage.
Amaemon hits you with a +2 demon whip of venom.
* * * LOW HITPOINT WARNING * * *
You are more poisoned.
Amaemon claws you but does no damage.
Amaemon tail-slaps you but does no damage.
The orange demon stings you but does no damage. 😨 HP[-16]
You take 16 damage, and now have 18/61 hp.
MASSIVE DAMAGE!! (PAUSE) Unknown command.
Okay, then.
Okay, then.
Okay, then.
You feel better.
Amaemon mumbles some strange words.
The orange demon stings you from afar.
* * * LOW HITPOINT WARNING * * *
You are poisoned.
The orange demon poisons you! Amaemon misses you.
Amaemon completely misses you. Amaemon barely misses you. 😨 HP[+4]
You regained 4 hp, and now have 22/61 hp.
Unknown command.
Unknown command.
You feel yourself speed up.
You feel very sick. Amaemon hits you but does no damage.
You are more poisoned.
Amaemon claws you but does no damage.
Amaemon tail-slaps you but does no damage.
The orange demon misses you.
The scorpion completely misses you. 😨 HP[-4]
You take 4 damage, and now have 18/61 hp.
Unknown command.
You feel much better.
You feel very sick.
Amaemon hits you with a +2 demon whip of venom.
Amaemon closely misses you. Amaemon completely misses you.
The orange demon stings you from afar.
* * * LOW HITPOINT WARNING * * *
The scorpion stings you.
* * * LOW HITPOINT WARNING * * *
😨 HP[+9]
You regained 9 hp, and now have 27/61 hp.
Unknown command.
Unknown command.
Unknown command.
You slash Amaemon! You burn Amaemon.
You feel very sick.
Amaemon mumbles some strange words. 😨 HP[-2]
You take 2 damage, and now have 25/61 hp.
You barely miss Amaemon.
You feel very sick.
The scorpion stings you but does no damage.
Amaemon hits you with a +2 demon whip of venom.
* * * LOW HITPOINT WARNING * * *
You are more poisoned.
Amaemon claws you but does no damage. Amaemon barely misses you.
The orange demon stings you from afar.
* * * LOW HITPOINT WARNING * * *
You are lethally poisoned!
The orange demon poisons you! The scorpion misses you. 😨 HP[-9]
You take 9 damage, and now have 16/61 hp.
Unknown command.
Unknown command.
Unknown command.
Unknown command.
You slice Amaemon!! You burn Amaemon.
You kill Amaemon!
The scorpion disappears in a puff of smoke! x5
* * * LOW HITPOINT WARNING * * *
You feel extremely sick. The orange demon stings you from afar!
You die...

Skill      XL: |  1  2  3  4  5  6  7  8  9 |
---------------+----------------------------+-----
Throwing       | 2 3 4 5 6 7 8 |  8.0
Long Blades    | 2 5 8 10 | 10.6
Fighting       | 2 |  2.9
Short Blades   | |  1.7
Dodging        | |  0.8
Stealth        | |  3.6

Action                   |  1- 3 |  4- 6 |  7- 9 || total
-------------------------+-------+-------+-------++-------
Melee: Dagger            |   110 |    89 |       ||   199
       Punch             |     1 |     1 |       ||     2
       Great sword       |       |    16 |   165 ||   181
       Mace              |       |    22 |       ||    22
Throw: Stone             |    21 |   192 |   283 ||   496
       Dart              |     6 |    21 |       ||    27
Evoke: Wand              |       |     2 |       ||     2
  Use: Potion            |     4 |     2 |     7 ||    13
       Scroll            |       |    11 |     3 ||    14
 Stab: Sleeping          |     8 |       |       ||     8
Armor: Robe              |    22 |    62 |    67 ||   151
       Skin              |       |       |     6 ||     6
Dodge: Dodged            |    55 |    80 |   121 ||   256

Levels and vault maps discovered:
D:1:      lightli_molten_gateway, layout_basic, serial_shops,
          nicolae_shop_behind_doors, grunt_decor_mini_mirrors,
          minmay_misc_feat_tiny, due_unseen_surprise
D:2:      layout_loops_corners, minmay_box_of_dots, uniq_terence
D:3:      layout_rooms, mainiacjoe_overflow_brackets,
          minmay_misc_feat_diagonals, kennysheep_generic_room_6, uniq_robin,
          uniq_natasha, uniq_ijyb, uniq_crazy_yiuf_cottage
D:4:      layout_rooms, mainiacjoe_overflow_alcove_4,
          chequers_serial_rivers_room_b, uniq_grinder, uniq_menkaure
D:5:      layout_rooms, fedhas_altar_1
D:6:      layout_basic, mainiacjoe_overflow_surrounded_room,
          okawaru_ov_weapons_minmay, nicolae_ru_awakened_eye,
          minmay_temple_entry_nine_rooms
D:7:      layout_loops_cross, grunt_temple_overflow_order_and_chaos_2,
          mainiacjoe_overflow_concentric_impassable, serial_shops,
          nicolae_lakefront_shop, minmay_shop_grid_forest
D:8:      gammafunk_wand_slinger, layout_loops_corners,
          kennysheep_generic_room_10, uniq_gastronok, uniq_amaemon

Notes
Turn   | Place    | Note
-------+----------+-------------------------------------------
     0 | D:1      | spaghetti the Demigod Brigand began the quest for the Orb.
     0 | D:1      | Reached XP level 1. HP: 17/17 MP: 3/3
     0 | D:1      | magus.rc [v1.9.6]
    27 | D:1      | Reached skill level 2 in Throwing
    64 | D:1      | Found Cuwaosech's Antique Armour Shoppe.
   210 | D:1      | Reached XP level 2. HP: 17/24 MP: 4/4
   705 | D:1      | Reached skill level 3 in Throwing
  1190 | D:2      | HP: 6/24 [gnoll/+0 flail (10)]
  1193 | D:2      | Reached XP level 3. HP: 8/29 MP: 5/5
  1196 | D:2      | HP: 7/29 [gnoll/+0 whip (1)]
  1204 | D:2      | Reached skill level 4 in Throwing
  1497 | D:2      | Identified the +4 great sword "Kideag" {flame, rElec rF+
                  | Str+4}
  1865 | D:2      | Reached XP level 4. HP: 20/36 MP: 6/6
  2068 | D:2      | Noticed Terence
  2076 | D:2      | Killed Terence
  2368 | D:2      | You pick up a book of Pain and begin reading...
  2368 | D:2      | You add the spells Pain, Agony and Excruciating Wounds to
                  | your library.
  2426 | D:2      | You pick up a book of Power and begin reading...
  2426 | D:2      | You add the spells Iskenderun's Battlesphere, Iron Shot and
                  | Spellforged Servitor to your library.
  2655 | D:2      | You pick up a book of Frost and begin reading...
  2655 | D:2      | You add the spells Freeze, Frozen Ramparts and Hailstorm to
                  | your library.
  2737 | D:2      | You pick up a book of Party Tricks and begin reading...
  2737 | D:2      | You add the spells Apportation and Alistair's Intoxication
                  | to your library.
  2791 | D:3      | Noticed Ijyb
  2797 | D:3      | HP: 9/36 [Ijyb/bolt of acid (27)]
  2802 | D:3      | Gained mutation: You are partially covered in iridescent
                  | scales. (AC +2) [potion of mutation]
  2802 | D:3      | Gained mutation: You have hidden genetic potential. [potion
                  | of mutation]
  2802 | D:3      | Gained mutation: You are frail. (-10% HP) [potion of
                  | mutation]
  3093 | D:3      | Found a runed translucent door.
  3094 | D:3      | Noticed Crazy Yiuf
  3260 | D:3      | Reached skill level 5 in Throwing
  3283 | D:3      | Killed Ijyb
  3284 | D:3      | Reached XP level 5. HP: 34/36 MP: 7/7
  3543 | D:3      | Noticed Robin
  3811 | D:3      | Killed Robin
  3967 | D:3      | Gained mutation: You expend magic power (3 MP) to
                  | strengthen your wands. [hidden potential]
  3974 | D:3      | You pick up a book of Displacement and begin reading...
  3974 | D:3      | You add the spells Lesser Beckoning, Gell's Gravitas and
                  | Teleport Other to your library.
  3984 | D:3      | Noticed Natasha
  4009 | D:3      | Killed Natasha
  4326 | D:3      | Noticed Natasha
  4333 | D:3      | Killed Natasha
  4409 | D:3      | Noticed Natasha
  4418 | D:3      | Killed Natasha
  4419 | D:3      | Reached skill level 6 in Throwing
  4691 | D:4      | Noticed Menkaure
  4694 | D:4      | Killed Menkaure
  4695 | D:4      | Reached XP level 6. HP: 43/43 MP: 1/8
  4724 | D:4      | Gained mutation: You possess an exceptional clarity of
                  | mind. [hidden potential]
  4724 | D:4      | Lost mutation: You have hidden genetic potential. [hidden
                  | potential expressed]
  4995 | D:4      | Reached skill level 1 in Long Blades
  5074 | D:4      | Reached skill level 2 in Long Blades
  5075 | D:4      | Reached XP level 7. HP: 44/47 MP: 9/9
  5095 | D:4      | Reached skill level 7 in Throwing
  5240 | D:4      | Noticed Grinder
  5250 | D:4      | Paralysed by Grinder for 7 turns
  5260 | D:4      | Killed Grinder
  5261 | D:4      | Reached skill level 3 in Long Blades
  5425 | D:4      | Reached skill level 4 in Long Blades
  5689 | D:5      | Entered Level 5 of the Dungeon
  5850 | D:5      | You add the spells Sting, Poisonous Vapours and Olgreb's
                  | Toxic Radiance to your library.
  5902 | D:5      | Reached skill level 5 in Long Blades
  5902 | D:5      | Reached XP level 8. HP: 51/54 MP: 10/10
  5930 | D:5      | Reached skill level 6 in Long Blades
  5930 | D:5      | Reached skill level 8 in Throwing
  6412 | D:6      | Reached skill level 7 in Long Blades
  6706 | D:6      | Reached skill level 8 in Long Blades
  6880 | D:6      | Reached XP level 9. HP: 60/60 MP: 11/11
  7203 | D:6      | Found a staircase to the Ecumenical Temple.
  7315 | D:7      | You pick up a book of Rime and begin reading...
  7315 | D:7      | You add the spells Ice Form and Summon Ice Beast to your
                  | library.
  7350 | D:7      | Reached skill level 9 in Long Blades
  7647 | D:7      | Reached skill level 10 in Long Blades
  7798 | D:7      | Noticed a kobold demonologist
  7803 | D:7      | Killed a kobold demonologist
  7804 | D:7      | Reached skill level 2 in Fighting
  7871 | D:7      | Found Berorpha's General Store.
  7899 | D:7      | Found Ynaqur's Jewellery Shoppe.
  7899 | D:7      | Found Kon Gets's Jewellery Shoppe.
  7900 | D:7      | Found Muirr's General Store.
  7975 | D:7      | Found Esengufa's Distillery.
  8140 | D:7      | Noticed a blizzard demon
  8145 | D:7      | Noticed an angel
  8467 | D:8      | Noticed Amaemon
  8467 | D:8      | Noticed an orange demon
  8479 | D:8      | Killed Amaemon
  8479 | D:8      | HP: 7/61 [poisoned by an orange demon]
  8479 | D:8      | Slain by an orange demon

Vanquished Creatures
  Amaemon (D:8)
  A kobold demonologist (D:7)
  Grinder (D:4)
  A steam dragon (D:7)
  Menkaure (D:4)
  2 water moccasins
  3 sky beasts
  An ice beast (D:6)
  2 ogres
  5 black bears
  3 phantoms
  2 centaurs
  2 kobold brigands (D:7)
  A bullfrog (D:7)
  A gnoll sergeant (D:6)
  4 scorpions
  6 wights (D:7)
  7 killer bees
  A howler monkey (D:7)
  2 jellies
  A gnoll shaman (D:6)
  2 iguanas
  Ijyb (D:3)
  Terence (D:2)
  Natasha (thrice) (D:3)
  3 orc wizards
  Robin (D:3)
  13 gnolls
  9 adders
  2 shadow imps (D:6)
  2 ufetubi (D:5)
  2 worms
  2 dart slugs
  21 orcs
  6 endoplasms
  5 giant cockroaches
  21 goblins
  13 hobgoblins
  12 kobolds
  7 quokkas
  5 ball pythons
  5 bats
  7 frilled lizards
  6 rats
197 creatures vanquished.

Table legend:
 A = Non-vault XP
 B = Vault XP
 C = Vault XP percentage of total XP
 D = Non-vault monster count
 E = Vault monster count
 F = Vault count percentage of total count
                 A         B        C        D         E       F
            +---------+---------+-------+---------+---------+-------
      Total |    5199 |    1494 |  22.3 |     171 |      26 |  13.2
            +---------+---------+-------+---------+---------+-------
        D:1 |      39 |       0 |   0.0 |      24 |       0 |   0.0
        D:2 |     113 |      55 |  32.7 |      23 |      12 |  34.3
        D:3 |     144 |      98 |  40.5 |      22 |      10 |  31.2
        D:4 |     500 |     458 |  47.8 |      17 |       2 |  10.5
        D:5 |    1122 |       0 |   0.0 |      21 |       0 |   0.0
        D:6 |    1145 |       0 |   0.0 |      33 |       0 |   0.0
        D:7 |    1989 |       0 |   0.0 |      30 |       0 |   0.0
        D:8 |     147 |     883 |  85.7 |       1 |       2 |  66.7
            +---------+---------+-------+---------+---------+-------

Illustrated notes

Table legend:
 A = Kills in this place as a percentage of kills in entire the game.
 B = Kills by you in this place as a percentage of kills by you in the entire game.
 C = Kills by friends in this place as a percentage of kills by friends in the entire game.
 D = Other kills in this place as a percentage of other kills in the entire game.
 E = Experience gained in this place as a percentage of experience gained in the entire game.
 F = Experience gained in this place divided by the number of levels of this place that you have seen.
                   A       B       C       D       E      F
               +-------+-------+-------+-------+-------+----------------------
         Total | 100.0 | 100.0 |   N/A |   N/A | 100.0 | 836.6
       Dungeon | 100.0 | 100.0 |   N/A |   N/A | 100.0 | 836.6
               +-------+-------+-------+-------+-------+----------------------

Table legend: (Time is in decaauts)
 A = Elapsed time spent in this place.
 B = Non-inter-level travel time spent in this place.
 C = Inter-level travel time spent in this place.
 D = Time resting spent in this place.
 E = Time spent auto-exploring this place.
 F = Levels seen in this place.
 G = Mean time per level.
                   A        B        C        D        E       F      G
               +--------+--------+--------+--------+--------+-----+--------+
         Total |   8420 |   8148 |    272 |   1913 |   4754 |   8 | 1052.5 |
       Dungeon |   8420 |   8148 |    272 |   1913 |   4754 |   8 | 1052.5 |
               +--------+--------+--------+--------+--------+-----+--------+

Top non-repeatable levels by time:
     D:2: 2149 daAuts
     D:3: 1502 daAuts
     D:1: 1089 daAuts
     D:7: 1003 daAuts
     D:4: 920 daAuts
     D:6: 916 daAuts
     D:5: 664 daAuts
     D:8: 174 daAuts
